ITL
LOUISVILLE BATS @ UTICA UNICORNS
09/20/2028
 
TOP OF THE 1ST
Louisville Bats batting - Pitching for Utica Unicorns : RHP Patrick Doyle
Pitching: RHP Patrick Doyle
Batting: LHB Don Soper 0-0: Called Strike
0-1: Ball
1-1: Ball
2-1: Fly out, F9 (Line Drive, 9)
Batting: RHB William Farmer 0-0: Called Strike
0-1: Swinging Strike
0-2: Ball
1-2: Strikes out looking
Batting: RHB Eric Thompson 0-0: Ball
1-0: SINGLE (Line Drive, 89S)
Batting: LHB Mike Callahan 0-0: Ball
1-0: Fly out, F7 (Flyball, 7)
Top of the 1st over - 0 run(s), 1 hit(s), 0 error(s), 1 left on base; Louisville 0 - Utica 0
BOTTOM OF THE 1ST
Utica Unicorns batting - Pitching for Louisville Bats : RHP Carl Willis
Pitching: RHP Carl Willis
Batting: LHB Jesús Raugel 0-0: Ball
1-0: DOUBLE (Line Drive, 9LM)
Batting: RHB Danny Crouch 0-0: Ball
1-0: Swinging Strike
1-1: Foul Ball, location: 2F
1-2: Foul Ball, location: 2F
1-2: Ball
2-2: Strikes out swinging
Batting: LHB Sixto Cantú 0-0: Ball
1-0: Ball
2-0: Called Strike
2-1: Called Strike
2-2: Strikes out looking
Batting: RHB Gerald Burnett 0-0: Ball
1-0: Called Strike
1-1: Ball
2-1: Fly out, F7 (Flyball, 7D)
Bottom of the 1st over - 0 run(s), 1 hit(s), 0 error(s), 1 left on base; Louisville 0 - Utica 0
TOP OF THE 2ND
Louisville Bats batting - Pitching for Utica Unicorns : RHP Patrick Doyle
Batting: RHB Enrico Ramos 0-0: Called Strike
0-1: Foul Ball, location: 2F
0-2: Ball
1-2: Ball
2-2: Strikes out swinging
Batting: LHB Alex Henderson 0-0: Ball
1-0: Swinging Strike
1-1: Foul Ball, location: 2F
1-2: Foul Ball, location: 2F
1-2: SINGLE (Flyball, 89S)
Batting: LHB George Smith 0-0: Called Strike
0-1: Ball
1-1: Ground out 5-3 (Groundball, 56S)
Alex Henderson to second
Batting: LHB Jeff Forsyth 0-0: Called Strike
0-1: Ball
1-1: Ground out 3-1 (Groundball, 34)
Top of the 2nd over - 0 run(s), 1 hit(s), 0 error(s), 1 left on base; Louisville 0 - Utica 0
BOTTOM OF THE 2ND
Utica Unicorns batting - Pitching for Louisville Bats : RHP Carl Willis
Batting: LHB Pedro Zaragoza 0-0: Ball
1-0: Swinging Strike
1-1: Swinging Strike
1-2: Ball
2-2: Strikes out swinging
Batting: RHB Juan Estrada 0-0: Ball
1-0: Ball
2-0: Ball
3-0: Called Strike
3-1: Foul Ball, location: 2F
3-2: SINGLE (Line Drive, 6M)
Batting: LHB Bill Hall 0-0: Ball
1-0: Ball
2-0: Foul Ball, location: 2F
2-1: Foul Ball, location: 2F
2-2: Foul Ball, location: 2F
2-2: Foul Ball, location: 2F
2-2: Fly out, F7 (Flyball, 7)
Batting: RHB Héctor Jiménez 0-0: Called Strike
Juan Estrada is caught stealing 2nd base
Bottom of the 2nd over - 0 run(s), 1 hit(s), 0 error(s), 0 left on base; Louisville 0 - Utica 0
TOP OF THE 3RD
Louisville Bats batting - Pitching for Utica Unicorns : RHP Patrick Doyle
Batting: RHB Shawn Marshall 0-0: Foul Ball, location: 2F
0-1: Foul Ball, location: 2F
0-2: Ball
1-2: Foul Ball, location: 2F
1-2: Ball
2-2: Ball
3-2: Strikes out looking
Batting: LHB Don Soper 0-0: Foul Ball, location: 2F
0-1: Called Strike
0-2: Strikes out swinging
Batting: RHB William Farmer 0-0: SINGLE (Groundball, 25) (infield hit)
Batting: RHB Eric Thompson 0-0: Called Strike
0-1: Ball
1-1: SINGLE (Line Drive, 6M)
William Farmer to second
Batting: LHB Mike Callahan 0-0: Called Strike
0-1: Ball
1-1: Foul Ball, location: 2F
1-2: Ball
2-2: Fly out, F7 (Flyball, 78D)
Top of the 3rd over - 0 run(s), 2 hit(s), 0 error(s), 2 left on base; Louisville 0 - Utica 0
BOTTOM OF THE 3RD
Utica Unicorns batting - Pitching for Louisville Bats : RHP Carl Willis
Batting: RHB Héctor Jiménez 0-0: Ball
1-0: DOUBLE (Groundball, 5L)
Batting: RHB António Magana 0-0: SINGLE (Line Drive, 8LS)
Héctor Jiménez to third
Batting: LHB Jesús Raugel 0-0: Ball
1-0: Ball
2-0: Fly out, F9 (Flyball, 89M)
Runner from 3rd tags up, SCORES, no throw
Batting: RHB Danny Crouch 0-0: Called Strike
0-1: Ball
1-1: Ball
António Magana steals 2nd base
2-1: Ball
3-1: Fly out, F9 (Flyball, 9LSF)
Batting: LHB Sixto Cantú 0-0: Foul Ball, location: 2F
0-1: Ball
1-1: Ball
2-1: Ball
3-1: Base on Balls
Batting: RHB Gerald Burnett 0-0: Called Strike
0-1: Ball
1-1: Fielders Choice at 2nd, 6-4 (Groundball, 6D)
Bottom of the 3rd over - 1 run(s), 2 hit(s), 0 error(s), 1 left on base; Louisville 0 - Utica 1
TOP OF THE 4TH
Louisville Bats batting - Pitching for Utica Unicorns : RHP Patrick Doyle
Batting: RHB Enrico Ramos 0-0: Ball
1-0: Ground out 4-3 (Groundball, 4M)
Batting: LHB Alex Henderson 0-0: Called Strike
0-1: Foul Ball, location: 2F
0-2: Foul Ball, location: 2F
0-2: Ball
1-2: Ball
2-2: Ball
3-2: Base on Balls
Batting: LHB George Smith 0-0: Swinging Strike
0-1: Called Strike
0-2: Grounds into double play, 1-6-3 (Groundball, 13)
Top of the 4th over - 0 run(s), 0 hit(s), 0 error(s), 0 left on base; Louisville 0 - Utica 1
BOTTOM OF THE 4TH
Utica Unicorns batting - Pitching for Louisville Bats : RHP Carl Willis
Batting: LHB Pedro Zaragoza 0-0: Ball
1-0: Ball
2-0: Ball
3-0: Called Strike
3-1: DOUBLE (Flyball, 9D)
Batting: RHB Juan Estrada 0-0: Swinging Strike
0-1: Swinging Strike
0-2: Foul Ball, location: 2F
0-2: Foul Ball, location: 2F
0-2: Foul Ball, location: 2F
0-2: Strikes out swinging
Batting: LHB Bill Hall 0-0: Ball
1-0: Called Strike
1-1: Fly out, F7 (Flyball, 78M)
Batting: RHB Héctor Jiménez 0-0: Ball
1-0: Called Strike
1-1: Ball
2-1: Ball
3-1: Base on Balls
Batting: RHB António Magana 0-0: Called Strike
0-1: Ball
1-1: Ball
2-1: Swinging Strike
2-2: Strikes out swinging
Bottom of the 4th over - 0 run(s), 1 hit(s), 0 error(s), 2 left on base; Louisville 0 - Utica 1
TOP OF THE 5TH
Louisville Bats batting - Pitching for Utica Unicorns : RHP Patrick Doyle
Batting: LHB Jeff Forsyth 0-0: Ground out U3 (Groundball, 3)
Batting: RHB Shawn Marshall 0-0: Foul Ball, location: 2F
0-1: SINGLE (Line Drive, 8RS)
Batting: LHB Don Soper 0-0: Ball
1-0: Ball
2-0: Fly out, F6 (Popup, 6S)
Batting: RHB William Farmer 0-0: Called Strike
0-1: Ball
1-1: Ball
2-1: SINGLE (Groundball, 34D)
Shawn Marshall to second
Runner from 2nd tries for 3rd, SAFE, throw made to third
Batting: RHB Eric Thompson 0-0: Ball
1-0: SINGLE (Groundball, 34D)
Shawn Marshall scores
William Farmer to second
Runner from 2nd tries for 3rd, SAFE, throw made to third
Batting: LHB Mike Callahan 0-0: Ball
Eric Thompson is caught stealing 2nd base
Top of the 5th over - 1 run(s), 3 hit(s), 0 error(s), 0 left on base; Louisville 1 - Utica 1
BOTTOM OF THE 5TH
Utica Unicorns batting - Pitching for Louisville Bats : RHP Carl Willis
Batting: LHB Jesús Raugel 0-0: Ball
1-0: Fly out, F8 (Line Drive, 8LM)
Batting: RHB Danny Crouch 0-0: Swinging Strike
0-1: Swinging Strike
0-2: Strikes out looking
Batting: LHB Sixto Cantú 0-0: Ball
1-0: Fly out, F8 (Flyball, 8LM)
Bottom of the 5th over - 0 run(s), 0 hit(s), 0 error(s), 0 left on base; Louisville 1 - Utica 1
TOP OF THE 6TH
Louisville Bats batting - Pitching for Utica Unicorns : RHP Patrick Doyle
Batting: LHB Mike Callahan 0-0: Ball
1-0: Called Strike
1-1: Ball
2-1: Ball
3-1: Foul Ball, location: 2F
3-2: Foul Ball, location: 2F
3-2: Ground out 6-3 (Groundball, 6M)
Batting: RHB Enrico Ramos 0-0: Ball
1-0: Ball
2-0: Ground out 5-3 (Groundball, 56)
Batting: LHB Alex Henderson 0-0: Called Strike
0-1: Ball
1-1: Called Strike
1-2: Ball
2-2: Ground out 4-3 (Groundball, 4M)
Top of the 6th over - 0 run(s), 0 hit(s), 0 error(s), 0 left on base; Louisville 1 - Utica 1
BOTTOM OF THE 6TH
Utica Unicorns batting - Pitching for Louisville Bats : RHP Carl Willis
Batting: RHB Gerald Burnett 0-0: Ball
1-0: Foul Ball, location: 2F
1-1: Swinging Strike
1-2: Foul Ball, location: 2F
1-2: Ball
2-2: Foul Ball, location: 2F
2-2: Ball
3-2: Base on Balls
Pitching: LHP José Bamuelos
Batting: LHB Pedro Zaragoza 0-0: Called Strike
0-1: Ball
Passed Ball!
Gerald Burnett to second
1-1: DOUBLE (Flyball, 78D)
Gerald Burnett scores
Batting: RHB Juan Estrada 0-0: Ball
1-0: Swinging Strike
1-1: Foul Ball, location: 2F
1-2: Strikes out looking
Batting: LHB Bill Hall 0-0: Foul Ball, location: 2F
0-1: Swinging Strike
0-2: Ball
1-2: Strikes out swinging
Batting: RHB Héctor Jiménez 0-0: Called Strike
0-1: Foul Ball, location: 2F
0-2: Ball
1-2: Ball
2-2: Foul Ball, location: 2F
2-2: Foul Ball, location: 2F
2-2: Strikes out swinging
Bottom of the 6th over - 1 run(s), 1 hit(s), 0 error(s), 1 left on base; Louisville 1 - Utica 2
TOP OF THE 7TH
Louisville Bats batting - Pitching for Utica Unicorns : RHP Patrick Doyle
Pitching: RHP Grant Jackson
Batting: LHB George Smith 0-0: Ball
1-0: Ball
2-0: Called Strike
2-1: Foul Ball, location: 2F
2-2: Foul Ball, location: 2F
2-2: Foul Ball, location: 2F
2-2: Foul Ball, location: 2F
2-2: Ball
3-2: Foul Ball, location: 2F
3-2: SINGLE (Groundball, 4D) (infield hit)
Pitching: LHP Javier Luna
Batting: LHB Jeff Forsyth 0-0: Fly out, F9 (Flyball, 9S)
Batting: RHB Shawn Marshall 0-0: Ball
1-0: Foul Ball, location: 2F
1-1: Ball
2-1: Foul Ball, location: 2F
2-2: Ball
3-2: SINGLE (Groundball, 56S) (infield hit)
George Smith to second
Pitching: RHP Wayne Sawyer
Batting: LHB Don Soper 0-0: Ball
1-0: Called Strike
1-1: Ball
2-1: Ball
3-1: Base on Balls
George Smith to third
Shawn Marshall to second
Batting: RHB William Farmer 0-0: Grounds into double play, 6-2-3 (Groundball, 6)
Top of the 7th over - 0 run(s), 2 hit(s), 0 error(s), 2 left on base; Louisville 1 - Utica 2
BOTTOM OF THE 7TH
Utica Unicorns batting - Pitching for Louisville Bats : LHP José Bamuelos
Batting: RHB António Magana 0-0: Ball
1-0: Fly out, F3 (Line Drive, 3S)
Batting: LHB Jesús Raugel 0-0: Called Strike
0-1: Ball
1-1: Ball
2-1: Ball
3-1: Foul Ball, location: 2F
3-2: Ground out 4-3 (Groundball, 4)
Batting: RHB Danny Crouch 0-0: Called Strike
0-1: Foul Ball, location: 2F
0-2: Strikes out swinging
Bottom of the 7th over - 0 run(s), 0 hit(s), 0 error(s), 0 left on base; Louisville 1 - Utica 2
TOP OF THE 8TH
Louisville Bats batting - Pitching for Utica Unicorns : RHP Wayne Sawyer
Pitching: RHP Mario González
Now in RF: Patrick Bright
Batting: RHB Eric Thompson 0-0: Called Strike
0-1: SINGLE (Line Drive, 4) (infield hit)
Batting: LHB Mike Callahan 0-0: Ball
1-0: Swinging Strike
1-1: Foul Ball, location: 2F
1-2: Ball
2-2: Ball
3-2: Strikes out looking
Pitching: RHP Claudio Rivera
Pinch Hitting: SHB Bob Warren 0-0: Ball
1-0: Ball
2-0: Ball
3-0: Called Strike
3-1: Called Strike
3-2: Fly out, F7 (Flyball, 78M)
Batting: LHB Alex Henderson 0-0: Called Strike
0-1: Ball
1-1: Ball
2-1: Fly out, F6 (Popup, 56D)
Top of the 8th over - 0 run(s), 1 hit(s), 0 error(s), 1 left on base; Louisville 1 - Utica 2
BOTTOM OF THE 8TH
Utica Unicorns batting - Pitching for Louisville Bats : LHP José Bamuelos
Now in LF: Bob Warren
Batting: LHB Sixto Cantú 0-0: Called Strike
0-1: Ball
1-1: Swinging Strike
1-2: Ball
2-2: Strikes out swinging
Batting: RHB Gerald Burnett 0-0: Called Strike
0-1: Ball
1-1: SINGLE (Groundball, 56S) (infield hit)
Pitching: LHP Denny Welch
Batting: LHB Pedro Zaragoza 0-0: Swinging Strike
0-1: Called Strike
0-2: Ball
1-2: Strikes out swinging
Pinch Hitting: RHB Kenny Cole 0-0: Called Strike
0-1: Ball
1-1: Ball
2-1: Foul Ball, location: 2F
2-2: Fly out, F5 (Line Drive, 5)
Bottom of the 8th over - 0 run(s), 1 hit(s), 0 error(s), 1 left on base; Louisville 1 - Utica 2
TOP OF THE 9TH
Louisville Bats batting - Pitching for Utica Unicorns : RHP Claudio Rivera
Now at 3B: Raúl Morales
Batting: LHB George Smith 0-0: Ball
1-0: Swinging Strike
1-1: Ball
2-1: Reached on error, E3 (Groundball, 34)
Batting: LHB Jeff Forsyth 0-0: Ball
1-0: Ball
2-0: Foul Ball, location: 2F
2-1: Called Strike
2-2: Ball
3-2: Base on Balls
George Smith to second
Batting: RHB Shawn Marshall 0-0: Called Strike
0-1: Ball
1-1: Ball
2-1: Ball
3-1: Base on Balls
George Smith to third
Jeff Forsyth to second
Batting: LHB Don Soper 0-0: Ball
1-0: Swinging Strike
1-1: Swinging Strike
1-2: Strikes out swinging
Batting: RHB William Farmer 0-0: Ball
1-0: Called Strike
1-1: Foul Ball, location: 2F
1-2: Grounds into fielders choice 5-2 (Groundball, 56)
Jeff Forsyth to third
Shawn Marshall to second
Batting: RHB Eric Thompson 0-0: Ball
1-0: Foul Ball, location: 2F
1-1: Foul Ball, location: 2F
1-2: Ball
2-2: Ball
3-2: Base on Balls
Jeff Forsyth scores
Shawn Marshall to third
William Farmer to second
Batting: LHB Mike Callahan 0-0: Ball
1-0: Foul Ball, location: 2F
1-1: Fly out, F6 (Line Drive, 6)
Top of the 9th over - 1 run(s), 0 hit(s), 1 error(s), 3 left on base; Louisville 2 - Utica 2
BOTTOM OF THE 9TH
Utica Unicorns batting - Pitching for Louisville Bats : LHP Denny Welch
Batting: LHB Bill Hall 0-0: Ball
1-0: Swinging Strike
1-1: Called Strike
1-2: Ball
2-2: Foul Ball, location: 2F
2-2: Ball
3-2: SINGLE (Groundball, 6MD)
Batting: RHB Héctor Jiménez 0-0: Sac Bunt - play at second, runner safe!
Pinch Runner at 2nd Manny Ramírez:
Pinch Hitting: RHB Andrew Good 0-0: Ball
1-0: Foul Ball, location: 2F
1-1: SINGLE (Line Drive, 89S)
Manny Ramírez to third
Héctor Jiménez to second
Batting: LHB Jesús Raugel 0-0: SINGLE (Groundball, 34D)
Manny Ramírez scores
Tuesday, August 8th, 2017 - OOTP Baseball 17.12 Build 75